Cogmind - Beta 17 @@@ ROGUE MODE // 2026.07.26 @ 18:25:25 Player: gorb Result: Destroyed by D-53 Grenadier with Mini Grenade Launcher Performance ------------- Evolutions (1) 500 Regions Visited (4) 800 Robots Destroyed (14) 70 Value Destroyed (354) 354 Prototype IDs (0) 0 Alien Tech Used (0) 0 Bonus (0) 0 TOTAL SCORE: 1724 Bonus ------- None Cogmind --------- Core Integrity 0/400 Matter 77/300 Energy 100/100 System Corruption 13% Temperature Cool (0) Movement Core (100) Ox1 Location -9/Mines Parts ------- > --- POWER (1) -------- (None) > --- PROPULSION (3) --- (None) > --- UTILITY (3) ------ Small Storage Unit > --- WEAPON (2) ------- (None) > --- INVENTORY (8) ---- Light Ion Engine Aluminum Leg Light Assault Rifle Peak State ------------ > --- POWER ------------ Improved Ion Engine > --- PROPULSION ------- Aluminum Leg Aluminum Leg Aluminum Leg > --- UTILITY ---------- Small Storage Unit Targeting Computer Propulsion Shielding > --- WEAPON ----------- Rocket Launcher Mini Grenade Launcher > --- INVENTORY -------- Aluminum Leg Light Assault Rifle [Rating: 12] Favorites ----------- Power Ion Engine Engine Ion Engine Propulsion Aluminum Leg Leg Aluminum Leg Wheel Compact Wheel Flight Unit Flight Unit Utility Small Storage Unit Storage Small Storage Unit Processor Targeting Computer Protection Propulsion Shielding Weapon Light Assault Rifle Energy Gun EM Shotgun Ballistic Gun Light Assault Rifle Launcher Mini Grenade Launcher Special Weapon Mining Laser Build | -11 -10 -10 -9 -9 ------- Run | Yrd Mat Min Mat Min Slots Evolved 2 | . . . 2 . Power . | . . . . . Propulsion 1 | . . . 1 . Utility 1 | . . . 1 . Weapon . | . . . . . Parts Attached 22 | 1 7 7 7 . Power 4 | . 1 2 1 . Engine 4 | . 1 2 1 . Core . | . . . . . Reactor . | . . . . . Propulsion 7 | . 4 2 1 . Treads . | . . . . . Leg 3 | . . 2 1 . Wheel 2 | . 2 . . . Hover . | . . . . . Flight 2 | . 2 . . . Utility 4 | 1 . 1 2 . Device . | . . . . . Storage 1 | 1 . . . . Processor 1 | . . . 1 . Hackware . | . . . . . Protection 2 | . . 1 1 . Artifact . | . . . . . Weapon 7 | . 2 2 3 . Energy Gun 1 | . . . 1 . Energy Cannon . | . . . . . Ballistic Gun 3 | . 2 1 . . Ballistic Cannon . | . . . . . Launcher 2 | . . . 2 . Special Weapon 1 | . . 1 . . Impact Weapon . | . . . . . Slashing Weapon . | . . . . . Piercing Weapon . | . . . . . Special Melee Weapon . | . . . . . Unidentified Prototypes . | . . . . . Parts Lost 15 | . . 2 6 7 Power 3 | . . 1 1 1 Propulsion 4 | . . 1 1 2 Utility 3 | . . . 1 2 Weapon 5 | . . . 3 2 Highest Loss Streak 7 | . . 1 3 7 To Critical Strikes . | . . . . . Average Backups 4 | 3 4 6 3 3 Power . | 1 1 . . 1 Propulsion 1 | 2 2 2 1 1 Utility . | . . . . . Weapon 2 | . . 2 2 1 Tool/Special . | . . . . . Unused Backups 4 | . 2 . . 2 Power 1 | . . . . 1 Propulsion 3 | . 2 . . 1 Utility . | . . . . . Weapon . | . . . . . Tool/Special . | . . . . . Average Slot Usage (%) 72 | . 54 70 80 77 Engine 10 | . 9 13 7 8 Leg 14 | . . 8 26 17 Wheel 6 | . 17 8 . . Flight 3 | . 5 5 . . Storage 12 | . 14 14 11 11 Processor 4 | . . . 9 11 Protection 4 | . . 2 7 8 Energy Gun 1 | . . . 4 8 Ballistic Gun 8 | . 9 13 3 . Launcher 3 | . . . 8 11 Special Weapon 2 | . . 4 1 . Peak Build Rating 12 | 1 6 7 12 11 Average Rating 6 | . 3 5 9 9 On Entrance 4 | . 1 3 7 11 Avg Prop Armor Cover (%) . | . . . . . Naked Turns . | . . . . . Heaviest Build 20 | 5 11 13 20 17 Greatest Support 30 | 3 26 26 30 20 Greatest Overweight (x) 2 | 1 1 2 . 1 Average Overweight (x) . | . . . . . Largest Inventory Capacity 8 | 8 8 8 8 8 Average Capacity 7 | 6 8 8 8 8 Most Carried 8 | 7 7 8 7 3 Average Carried 5 | 4 4 6 3 3 Final Capacity 8 | 8 8 8 8 8 Final Carried 7 | 7 7 5 3 3 Class Distribution -------------------- 86% | Mutant 13% | Scavenger-Mutant Dominant Class ---------------- Mutant | -10/Materials Mutant | -10/Mines Mutant | -9/Materials Mutant | -9/Mines Resources | -11 -10 -10 -9 -9 ----------- Run | Yrd Mat Min Mat Min Matter Collected 578 | 200 47 173 158 . Remotely . | . . . . . Salvage Created 298 | . 36 130 120 12 Parts 24 | . 1 12 11 . Haulers Intercepted . | . . . . . Recyclers Shooed . | . . . . . Parts Field Recycled . | . . . . . Retrieved Matter . | . . . . . Parts Self-Destructed . | . . . . . Prevented . | . . . . . Parts Restored . | . . . . . Kills | -11 -10 -10 -9 -9 ------- Run | Yrd Mat Min Mat Min Combat Hostiles Destroyed 16 | . 2 5 5 4 Guns 7 | . 2 5 . . AOE 9 | . . . 5 4 Classes Destroyed 6 | . 1 1 3 1 Builder 1 | . . . 1 . Watcher 1 | . . . 1 . Swarmer 5 | . 2 3 . . Grunt 5 | . . 2 3 . Sentry 2 | . . . 2 . Assembled 4 | . . . . 4 Best Kill Streak 5 | . 2 3 5 4 Combat Bots Only 4 | . 2 3 4 4 Max Kills in Single Turn 4 | . 1 1 4 2 Gunslinging . | . . . . . Exploded 3 | . . . 3 2 Melee . | . . . . . Uniques/NPCs Destroyed . | . . . . . Combat | -11 -10 -10 -9 -9 -------- Run | Yrd Mat Min Mat Min Hostile Shots Fired 105 | . 19 44 26 16 Missed 31 | . 4 17 7 3 Hits 74 | . 15 27 19 13 Projectile 74 | . 15 27 19 13 AOE 14 | . . . . 14 Critical Strikes 4 | . 1 1 2 . Damage Taken 1686 | . 122 307 670 587 Core 454 | . 16 31 104 303 Absorbed by Shields . | . . . . . Redirected to Shielding 60 | . . 9 24 27 Core Remaining (%) 90 | 100 . 81 . . Volleys Fired 72 | . 19 25 21 7 Largest 2 | . 1 2 2 1 Hottest 100 | . 20 100 100 30 Shots Fired 90 | . 19 42 22 7 Gun 62 | . 19 37 6 . Cannon . | . . . . . Launcher 20 | . . . 13 7 Special 8 | . . 5 3 . Kinetic 60 | . 19 37 4 . Thermal 8 | . . 5 3 . Explosive 20 | . . . 13 7 Electromagnetic 2 | . . . 2 . Robot Hit Streak 15 | . 4 8 15 4 Robot Miss Streak 5 | . 5 3 2 1 Penetration Max . | . . . . . Secondary Targets . | . . . . . Shots Hit Robots 58 | . 12 26 15 5 Core Hits 44 | . 5 12 16 11 Critical Kills . | . . . . . Critical Parts Destroyed . | . . . . . Critical Strikes . | . . . . . Melee Attacks . | . . . . . Impact . | . . . . . Slashing . | . . . . . Piercing . | . . . . . Sneak Attacks . | . . . . . Combat Hostiles . | . . . . . Follow-up Attacks . | . . . . . Damage Inflicted 1288 | . 98 204 699 287 Guns 367 | . 98 199 70 . Cannons . | . . . . . Explosions 916 | . . . 629 287 Melee . | . . . . . Ramming 5 | . . 5 . . Kinetic 327 | . 98 199 30 . Thermal 191 | . . . 191 . Explosive 725 | . . . 438 287 Electromagnetic 40 | . . . 40 . Impact . | . . . . . Slashing . | . . . . . Piercing . | . . . . . Highest Corruption 13 | . . . 13 13 Average Corruption 13 | . . . 13 13 Corruption Purged . | . . . . . Corruption Blocked . | . . . . . Effects 8 | . . . 7 1 Matter Fused 4 | . . . 3 1 Energy Discharges 1 | . . . 1 . Data Loss (major) 1 | . . . 1 . Alerts 2 | . . . 2 . Overload Shots . | . . . . . Overflow Damage 8 | . . . . 8 Projectiles . | . . . . . Explosions 8 | . . . . 8 Melee . | . . . . . Knockbacks . | . . . . . Impact . | . . . . . Kinetic . | . . . . . Secondary . | . . . . . Self-Inflicted Damage 25 | . . . . 25 Shots 1 | . . . . 1 Rammed . | . . . . . Targets Rammed 1 | . . 1 . . Kicked 1 | . . 1 . . Crushed . | . . . . . Highest Temperature 22 | . . 22 21 . Average Temperature 7 | . . 8 6 . Received Heat Transfer 228 | . . 99 129 . Siege Activations . | . . . . . Martial Activations . | . . . . . Shielding Activations . | . . . . . Robots Disrupted . | . . . . . Combat Hostiles . | . . . . . Robots Corrupted . | . . . . . Combat Hostiles . | . . . . . Parts Fried . | . . . . . Impact Corruptions . | . . . . . Robots Melted . | . . . . . Combat Hostiles . | . . . . . Parts Melted . | . . . . . Heat Transferred 150 | . . . 150 . Parts Sabotaged . | . . . . . Parts Stolen . | . . . . . Parts Stripped . | . . . . . Power Chain Reactions . | . . . . . Alert | -11 -10 -10 -9 -9 ------- Run | Yrd Mat Min Mat Min Maximum Alert Level . | . . . . . Low Security (%) 100 | 100 100 100 100 100 Level 1 . | . . . . . Level 2 . | . . . . . Level 3 . | . . . . . Level 4 . | . . . . . Level 5 . | . . . . . High Security . | . . . . . Max Security . | . . . . . Peak Influence 137 | . 40 60 137 18 Initial 7 | . . 7 . 3 Average 20 | . 11 15 34 4 Influence Increases 402 | . 50 121 210 21 Destroy 0b10 Robot/C 240 | . 40 100 100 . Destroy 0b10 Robot/NC 10 | . . . 10 . Destroy Leader 62 | . 10 20 32 . Successful Hack 2 | . . . 2 . Disable Machine 15 | . . . 15 . Destroy Structure 73 | . . 1 51 21 Influence Decreases 402 | . 30 141 200 31 Entered New Map 20 | . . 13 . 7 Time Decay 233 | . 30 118 82 3 Lost Part 52 | . . 10 21 21 Purge Threat 97 | . . . 97 . Squads Dispatched 4 | . . . 4 . Investigation 1 | . . . 1 . Extermination . | . . . . . Reinforcement 3 | . . . 3 . Assault . | . . . . . Garrison . | . . . . . Intercept . | . . . . . Searches Triggered . | . . . . . Construction Impeded . | . . . . . Haulers Reinforced . | . . . . . Active Scanning Responses . | . . . . . Cargo Convoy Interrupts . | . . . . . Stealth | -11 -10 -10 -9 -9 --------- Run | Yrd Mat Min Mat Min Distress Signals . | . . . . . Communications Jammed . | . . . . . Distress Signals . | . . . . . Times Spotted 30 | . 3 7 14 6 Peak Tracking Total 10 | . 3 3 4 10 Tactical Retreats . | . . . . . Traps | -11 -10 -10 -9 -9 ------- Run | Yrd Mat Min Mat Min Traps Triggered . | . . . . . Indirectly . | . . . . . Trap Hack Attempts . | . . . . . Triggered . | . . . . . Disarmed . | . . . . . Reprogrammed . | . . . . . Reused . | . . . . . Traps Extracted . | . . . . . Installed . | . . . . . Triggered . | . . . . . Machines | -11 -10 -10 -9 -9 ---------- Run | Yrd Mat Min Mat Min Machines Disabled 1 | . . . 1 . Max in Single Turn 1 | . . . 1 . Machines Repaired . | . . . . . Machines Dismantled . | . . . . . Machines Sabotaged . | . . . . . Overloaded Fab Kills . | . . . . . Hacking | -11 -10 -10 -9 -9 --------- Run | Yrd Mat Min Mat Min Machines Accessed 3 | . 1 . 2 . Terminals 3 | . 1 . 2 . Fabricators . | . . . . . Repair Stations . | . . . . . Recycling Units . | . . . . . Scanalyzers . | . . . . . Garrison Access . | . . . . . Total Hacks 10 | . 3 . 7 . Successful 3 | . . . 3 . Failed 7 | . 3 . 4 . Catastrophic 1 | . . . 1 . Database Lockouts . | . . . . . Manual 5 | . 3 . 2 . Terminals 10 | . 3 . 7 . Fabricators . | . . . . . Repair Stations . | . . . . . Recycling Units . | . . . . . Scanalyzers . | . . . . . Garrison Access . | . . . . . Terminal Hacks 3 | . . . 3 . Record 1 | . . . 1 . Alert Level 1 | . . . 1 . Unreport Threat 1 | . . . 1 . Fabricator Hacks . | . . . . . Repair Station Hacks . | . . . . . Recycling Unit Hacks . | . . . . . Scanalyzer . | . . . . . Garrison Access Hacks . | . . . . . Unauthorized Hacks . | . . . . . Terminals . | . . . . . Fabricators . | . . . . . Repair Stations . | . . . . . Recycling Units . | . . . . . Scanalyzers . | . . . . . Garrison Access . | . . . . . Data Cores Recovered . | . . . . . Used . | . . . . . Hacking Detections 3 | . 1 . 2 . Full Trace Events 2 | . 1 . 1 . Feedback Events . | . . . . . Feedback Blocked . | . . . . . Robot Schematics Acquired . | . . . . . Robots Built . | . . . . . Authchips . | . . . . . Time . | . . . . . Total Robot Build Rating . | . . . . . Part Schematics Acquired . | . . . . . Parts Built . | . . . . . Authchips . | . . . . . Time . | . . . . . Total Part Build Rating . | . . . . . Part Studies Acquired . | . . . . . Parts Repaired . | . . . . . Time . | . . . . . Parts Recycled . | . . . . . Recycled Matter . | . . . . . Retrieved Matter . | . . . . . Retrieved Components . | . . . . . Parts Scanalyzed . | . . . . . Part Schematics Acquired . | . . . . . Parts Damaged . | . . . . . Bothacking | -11 -10 -10 -9 -9 ------------ Run | Yrd Mat Min Mat Min Used RIF Installer . | . . . . . Robots Hacked . | . . . . . Non-combat . | . . . . . Combat . | . . . . . Robot Hacks Applied . | . . . . . Relay Couplers Released . | . . . . . Fabnet Peak Effective % . | . . . . . Robots Rewired . | . . . . . Allies Hacked . | . . . . . Hacks Repelled . | . . . . . Allies | -11 -10 -10 -9 -9 -------- Run | Yrd Mat Min Mat Min Total Allies . | . . . . . Largest Group . | . . . . . Highest-Rated Group . | . . . . . Highest-Rated Ally . | . . . . . Total Orders . | . . . . . Ally Attacks . | . . . . . Total Damage . | . . . . . Kills . | . . . . . Allies Corrupted . | . . . . . Allies Melted . | . . . . . Intel | -11 -10 -10 -9 -9 ------- Run | Yrd Mat Min Mat Min Active Infowar (turns) . | . . . . . Robot Analysis Total . | . . . . . Derelict Logs Recovered 2 | . . 2 . . Drone Launches . | . . . . . Drone Recoveries . | . . . . . Exploration | -11 -10 -10 -9 -9 ------------- Run | Yrd Mat Min Mat Min Turns Passed 916 | 31 129 407 302 47 Spaces Moved 652 | 29 114 286 195 28 Core 59 | 29 25 2 . 3 Treads . | . . . . . Legs 362 | . . 142 195 25 Wheels 123 | . 42 81 . . Hover . | . . . . . Flight 108 | . 47 61 . . Fastest Speed 37 | 50 37 37 120 100 Average Speed 98 | 79 70 94 120 117 Slowest Speed 200 | 100 100 200 120 120 Overloaded Moves . | . . . . . Propulsion Burnouts . | . . . . . Robots Hopped . | . . . . . Potential Cave-ins 2 | . . 2 . . Cave-ins Triggered 1 | . . . 1 . Exploration Rate (%) 20 | 2 18 38 27 17 Regions Visited 4 Branch Regions 2 Pre-discovered Areas 2 | . . 2 . . Known Exits Taken . | . . . . . Unknown Exits Taken 4 | 1 1 1 1 . Scrap Searched 1 | . . 1 . . Spaces Dug 6 | . . 3 3 . Terrain Destroyed 111 | . . 3 68 40 Melee . | . . . . . Projectile 6 | . . 3 3 . AOE 105 | . . . 65 40 Terrain Rammed . | . . . . . Walls Destroyed . | . . . . . Machines Disabled . | . . . . . Actions | -11 -10 -10 -9 -9 --------- Run | Yrd Mat Min Mat Min Total 835 | 36 148 378 238 35 Wait 34 | . . 34 . . Move 648 | 28 113 285 194 28 Hop . | . . . . . Pick Up 24 | 7 4 6 7 . Fast Attach 2 | 1 . 1 . . Attach 28 | . 5 13 10 . Detach 11 | . 3 5 3 . Swap 8 | . 2 5 1 . Drop 7 | . 2 3 2 . Fire 72 | . 19 25 21 7 Melee . | . . . . . Ram . | . . . . . Kick 1 | . . 1 . . Crush . | . . . . . Escape Stasis . | . . . . . Rewire . | . . . . . Trap . | . . . . . Miscellaneous . | . . . . . Route ------- -11/Scrapyard -10/Materials -10/Mines (discovered 2 exits: *Mat x2) -9/Materials (discovered 2 exits: [*Min] / Sto) -9/Mines History --------- Turn | Location | Event 11 | -11/Scrapyard | Discovered new exit (range 16) 32 | -11/Scrapyard | Entered Materials 156 | -10/Materials | Discovered new exit (range 7) 161 | -10/Materials | Entered Mines 174 | -10/Mines | Received a Rocket Launcher from a helpful Derelict 356 | -10/Mines | Build established: Mutant 395 | -10/Mines | Discovered new exit (range 9) 560 | -10/Mines | Discovered new exit (range 6) 561 | -10/Mines | Learned location of Storage (-9) 568 | -10/Mines | Entered Materials 568 | -9/Materials | Evolved 2 slots: Propulsion x1, Utility x1 569 | -9/Materials | Identified exit to Storage 605 | -9/Materials | Crushed by falling debris 605 | -9/Materials | System corruption reached 10% 636 | -9/Materials | Lost 3 parts (1p1u1w) 855 | -9/Materials | Discovered new exit (range 13) 870 | -9/Materials | Entered Mines 880 | -9/Mines | Assembled infested the area 910 | -9/Mines | Core integrity fell below 50% 916 | -9/Mines | Core integrity fell below 20% 917 | -9/Mines | Destroyed by D-53 Grenadier with Mini Grenade Launcher Last Messages --------------- U-05 Engineer builds a Wall. Imp. Ion Engine destroyed. Aluminum Leg destroyed. U-05 Engineer lays Concrete. The unstable cave ceiling collapses. K-01 Serf collects debris. U-05 Engineer lays Concrete. K-01 Serf collects debris. U-05 Engineer lays Concrete. The unstable cave ceiling collapses. K-01 Serf collects debris. U-05 Engineer builds a Wall. The unstable cave ceiling collapses. Mni. Grenade Launcher destroyed. U-05 Engineer lays Concrete. K-01 Serf collects debris. The unstable cave ceiling collapses. U-05 Engineer lays Concrete. The unstable cave ceiling collapses. Targeting Computer destroyed. Map ----- +----------------------------------------------------+ | ?????????????????????????????????????????????? | | ?????????????????????????????????????????????? | | ?????????????????????????????????????????????? | | ?????????????????????????????????????????????? | | ?????????????????????????????????????????????? | | ?????????????????????????????????????????????? | | ?????????????????????????????????????????????? | | ?????????????????????????????????????????????? | | ?????????????????????????????????????????????? | | ?????????????????????????? ????????????????? | | ????????????????????????? ????????????????? | | ?????????????????????????? ???????????????? | | ??????????????????? ????? ???????????????? | | ????????????????? #???? #???????????????? | | ?????????????????? #??? #???????????????? | | ??????????????????# #??# #???????????????? | | ???????????????????# ??# #???????????????? | | ????????????????????# #?# #???????????????? | | ???????????????????### ## ###?????????????? | | ???????????????????#g #####?????????? | | ???????????????????#g ##????????? | | ????????????????????g #????????? | | ????????????# ######## # #????????? | | ????????????# #?????????? | | ?????????????# ##u # #??????????? | | ????????????# #u @ ##??????????? | | ????????????# d #???????????? | | ?????????? d # #???????????? | | ??????????? < #???????????? | | ??????????? ##???????????? | | ???????????? ## ##????????????? | | ???????????? % ##????????????? | | ???????????? ######## k #????????????? | | ????????????? ????????# #????????????? | | ????????????? ?????????# k #????????????? | | ????????????????????????####### #??#########?? | | ??????????????????????????????# #??# #?? | | ??????????????????????????????# #### #?? | | ??????????????????????????????# #?? | | ??????????????????????????????###### #?? | | ???????????????????????????????????# #?? | | ???????????????????????????????????# #?? | | ???????????????????????????????????#########?? | | ?????????????????????????????????????????????? | | ?????????????????????????????????????????????? | | ?????????????????????????????????????????????? | | | | | | | | | +----------------------------------------------------+ Best States ------------- Heat Dissipation 28 Energy Generation 12 Energy Capacity 265 Matter Stores 290 Matter Capacity 300 Sight Range 16 Terrain Scan Density 10 Power Shielding 33 Propulsion Shielding 33 Evasion (%) 62 Targeting Accuracy 5 Item Schematics ----------------- None Robot Schematics ------------------ None Fabricated ------------ Nothing Repaired ---------- Nothing Studied --------- None Alien Tech Used ----------------- None Achievements -------------- None Challenges ------------ None Game ------ Seed DefenseSpliceChaingun Manual? 0 Play Time 00:15:44 Cumulative 46.1 hours Start 2026.07.26 @ 18:09:08 End 2026.07.26 @ 18:25:25 Sessions 1 Manual Loads 0 Difficulty Rogue Special Mode None Game No. 83 Rogue 81 Adventurer 0 Explorer 2 Win Type - Total 0 Types 0/0/0/0/0/0/0/0/0/0 Lore% 25 Gallery% 28 Achievement% 20 Wizard Run 0 Options --------- Layout 1 ASCII 0 Keyboard 0 Movement Mouse Keybinds 0 Fullscreen 1 Font 24/Smallcaps Map View 50x35 Zoom Use 0% Tactical HUD 0 Map Filters NONE Filters NONE Steam 1 RUN: 56d97b2d-f05f-4eb8-8a65-602eb6547891